 Dungeon Crawl Stone Soup version 0.26.1-11-gd32895ea62 (webtiles) character file.

Game seed: 2560924777001027698

78691 nothank2 the Arsonist (level 15, -1/102 HPs)
             Began as a Red Draconian Fire Elementalist on June 6, 2021.
             Was a High Priest of Vehumet.
             Slain by a wolf spider (2 damage)
             ... on level 2 of the Lair of Beasts on June 8, 2021.
             The game lasted 03:15:02 (29933 turns).

nothank2 the Arsonist (DrFE)                       Turns: 29933, Time: 03:15:02

Health: -1/102     AC: 16    Str: 12    XL:     15   Next: 18%
Magic:  0/33       EV: 14    Int: 33    God:    Vehumet [*****.]
Gold:   945        SH:  4    Dex: 11    Spells: 6/42 levels left

rFire    + + .     SeeInvis +   C - +5 spear of Pride {vorpal, rPois rF+ Int+6}
rCold    . . .     Faith    .   Q - +0 buckler
rNeg     . . .     Spirit   +   (armour unavailable)
rPois    +         Reflect  .   t - +0 mask of the Dragon {Will+ Slay+3 SInv}
rElec    .         Harm     .   f - +2 cloak
rCorr    .         Rampage  .   j - +2 pair of gloves
Will     ++...                  y - +0 pair of boots
Stlth    ++........             x - amulet of guardian spirit
HPRegen  0.27/turn              L - ring of wizardry
MPRegen  0.23/turn              E - +6 ring of intelligence

@: very slightly contaminated, invisible
A: breathe fire, unfitting armour, fire resistance 1, cold-blooded, AC +9
a: Breathe Fire, Renounce Religion


You were on level 2 of the Lair of Beasts.
You worshipped Vehumet.
Vehumet was extremely pleased with you.
You visited 5 branches of the dungeon, and saw 20 of its levels.

You collected 2069 gold pieces.
You spent 1124 gold pieces at shops.

Inventory:

Hand Weapons
 m - a +5 dagger of venom
 n - the +4 falchion of Nysohom {vorpal, rElec Str+4 Dex+4}
   (You found it on level 4 of the Dungeon)

   It inflicts extra damage upon your enemies.
   It affects your strength (+4).
   It affects your dexterity (+4).
   It insulates you from electricity.
 C - the +5 spear of Pride (weapon) {vorpal, rPois rF+ Int+6}
   (You took it off a spriggan on level 9 of the Dungeon)

   It inflicts extra damage upon your enemies.
   It affects your intelligence (+6).
   It protects you from fire.
   It protects you from poison.
Armour
 f - a +2 cloak (worn)
 j - a +2 pair of gloves (worn)
 t - the +0 mask of the Dragon (worn) {Will+ Slay+3 SInv}
   (You bought it in a shop on level 2 of the Orcish Mines)

   It affects your accuracy and damage with ranged weapons and melee attacks
   (+3).
   It affects your willpower, your defense against some magical effects.
   It lets you see invisible.
 y - a +0 pair of boots (worn)
 Q - a +0 buckler (worn)
Magical Staves
 l - an uncursed staff of earth {unknown}
Jewellery
 q - an uncursed ring of see invisible
 w - a +6 ring of dexterity
 x - an amulet of guardian spirit (around neck)
 E - a +6 ring of intelligence (right hand)
 I - an uncursed ring of fire
 J - an uncursed ring of protection from fire
 L - a ring of wizardry (left hand)
Wands
 h - a wand of disintegration (10)
 u - a wand of flame (43)
 A - a wand of acid (6)
 K - a wand of enslavement (11)
Scrolls
 b - 4 scrolls of teleportation
 d - 2 scrolls of fog
 e - 6 scrolls of identify
 o - 2 scrolls of magic mapping
 z - 6 scrolls of remove curse
Potions
 a - 3 potions of flight
 c - a potion of heal wounds
 g - 2 potions of might
 i - 13 potions of curing
 k - 5 potions of ambrosia
 p - a potion of magic
 r - a potion of haste
 s - 2 potions of brilliance
 D - 2 potions of berserk rage
 N - a potion of cancellation
Miscellaneous
 G - a lightning rod (4/4)


   Skills:
 * Level 1.1 Fighting
 - Level 1.0 Long Blades
 - Level 0.2(0.3) Maces & Flails
 * Level 1.1(1.2) Polearms
 - Level 0.2(0.8) Staves
 - Level 0.2(0.3) Slings
 - Level 0.1 Bows
 - Level 0.2 Crossbows
 - Level 0.1(0.2) Throwing
 - Level 5.0 Dodging
 - Level 1.7 Stealth
 - Level 4.1 Shields
 + Level 14.4 Spellcasting
 + Level 12.9 Conjurations
 - Level 5.1 Hexes
 - Level 2.4 Summonings
 - Level 0.1 Necromancy
 - Level 0.2 Translocations
 - Level 2.0 Transmutations
 + Level 14.5 Fire Magic
 - Level 3.1 Air Magic
 - Level 6.0 Earth Magic
 - Level 3.2 Poison Magic
 - Level 1.0 Invocations
 - Level 4.1 Evocations


You had 6 spell levels left.
You knew the following spells:

 Your Spells              Type           Power        Failure   Level
a - Foxfire               Conj/Fire      100%         0%          1
b - Iskenderun's Battles  Conj           83%          1%          5
c - Sticky Flame          Conj/Fire      85%          1%          4
d - Fireball              Conj/Fire      42%          1%          5
e - Freeze                Ice            92%          1%          1
f - Iron Shot             Conj/Erth      36%          1%          6
g - Searing Ray           Conj           100%         0%          2
h - Mephitic Cloud        Conj/Pois/Air  60%          1%          3
j - Irradiate             Conj/Tmut      32%          1%          5
k - Cause Fear            Hex            27%          1%          4

Your spell library contained the following spells:

 Spells                   Type           Power        Failure   Level
 Ozocubu's Refrigeration  Ice            11%          26%         6
 Conjure Flame            Conj/Fire      85%          0%          3
 Corona                   Hex            61%          1%          1
 Summon Small Mammal      Summ           100%         1%          1
 Call Imp                 Summ           40%          1%          2
 Slow                     Hex            55%          1%          2
 Call Canine Familiar     Summ           40%          1%          3
 Confusing Touch          Hex            55%          1%          3
 Gell's Gravitas          Tloc           12%          1%          3
 Inner Flame              Hex/Fire       73%          1%          3
 Portal Projectile        Hex/Tloc       82%          1%          3
 Summon Guardian Golem    Hex/Summ       48%          1%          3
 Hailstorm                Conj/Ice       61%          1%          4
 Leda's Liquefaction      Hex/Erth       28%          1%          4
 Petrify                  Tmut/Erth      50%          1%          4
 Bolt of Magma            Conj/Fire/Erth 39%          1%          5
 Yara's Violent Unravell  Hex/Tmut       23%          1%          5
 Summon Lightning Spire   Summ/Air       42%          2%          4
 Summon Ice Beast         Ice/Summ       32%          4%          4
 Metabolic Englaciation   Hex/Ice        20%          7%          5
 Orb of Destruction       Conj           41%          1%          7
 Spellforged Servitor     Conj/Summ      32%          8%          7


Dungeon Overview and Level Annotations

Branches:
Dungeon (10/15)            Temple (1/1) D:7            Lair (6/6) D:8
 Shoals (0/4) Lair:4       Spider (1/4) Lair:2        Slime (0/5) Lair:5
    Orc (2/2) D:10            Elf (0/3) Orc:2

Altars:
Ashenzari
Cheibriados
Dithmenos
Elyvilon
Fedhas
Gozag
Hepliaklqana
Kikubaaqudgha
Makhleb
Nemelex Xobeh
Okawaru
Qazlal
Ru
Sif Muna
Trog
Uskayaw
Vehumet
Wu Jian
Xom
Yredelemnul
Zin
The Shining One
Beogh
Jiyva

Shops:
D:6 *   D:10 :   Orc:2 (?[[

Annotations:
D:2 Terence
D:4 Eustachio, Sigmund


Innate Abilities, Weirdness & Mutations

You can breathe blasts of fire.
Your fiery red scales are hard. (AC +9)
You cannot fit into any form of body armour.
Your flesh is heat resistant. (rF+)
You are cold-blooded and may be slowed by cold attacks.


Message History

The wolf spider bites you.
* * * LOW HITPOINT WARNING * * *
The redback misses you.
You feel much better. The wolf spider hits you!
* * * LOW HITPOINT WARNING * * *
The wolf spider bites you but does no damage.
The redback closely misses you. The wolf spider hits you!
* * * LOW HITPOINT WARNING * * *
You block the wolf spider's attack. The wolf spider hits you!
* * * LOW HITPOINT WARNING * * *
The wolf spider bites you but does no damage.
The redback closely misses you.
Casting: Freeze (safe; 1% risk of failure)
Confirm with . or Enter, or press ? or * to list all spells.
You don't have enough magic to cast that spell.
You fade into invisibility!
The redback bites you.
* * * LOW HITPOINT WARNING * * *
The wolf spider hits you.
You die...

##.# ##...........#....... ###
###.....##....##.#.....
#.............#####....
#......^......# #....
#.#........^.## #...#
###.##^........# ##....
#...##^^..^###.# #.....
##...#^^ss^^#### #..... ######
#.....#s@^^###.# ##..... ##...#
##......^^^##^..# #......
.....###.#.#^^...##^...# ##......
...........#^^.........# #.......
......P##..##^^.^....^.###.....)#
.......###..#^##...^...##.......#
......####...##........##.......#
.....#..#P..P.......##.P>.......#
..............#P...P..P..........


You could see 2 wolf spiders and a redback (berserk, misshapen).

Vanquished Creatures
  11 hydras
  Harold (D:7)
  10 two-headed ogres
  14 death yaks
  2 orc high priests
  2 ogre magi (Orc:2)
  The ghost of Selrock the Skirmisher, a novice DsMo of Ashenzari (D:9)
  An unseen horror (D:10)
  2 deep trolls (Orc:2)
  4 orc sorcerers
  An orc knight (Orc:2)
  2 wolf spiders (Lair:2)
  3 cyclopes (Orc:2)
  A manticore (Lair:6)
  6 elephants (Lair:5)
  8 black mambas
  12 cane toads
  A torpor snail (Lair:6)
  A gargoyle (D:10)
  3 rime drakes
  8 komodo dragons
  7 polar bears
  10 trolls
  4 hornets (Lair:6)
  6 dream sheep (Lair:6)
  21 blink frogs
  17 spriggans
  13 redbacks
  4 tarantellas
  45 yaks
  7 wyverns
  9 water moccasins
  A hornet zombie (D:9)
  18 orc warriors
  5 ice beasts
  6 black bears
  A necrophage (D:9)
  23 ogres
  5 boggarts (Lair:6)
  6 phantoms
  23 wolves
  6 centaurs
  2 big kobolds
  20 bullfrogs
  2 gnoll sergeants (D:8)
  A wyvern zombie (D:7)
  A wyvern skeleton (D:8)
  3 scorpions
  5 wights (D:10)
  A howler monkey (D:5)
  A centaur zombie (D:8)
  9 hounds
  A jelly (D:6)
  13 orc priests
  A centaur skeleton (D:9)
  21 orc wizards
  4 bullfrog skeletons
  A gnoll shaman (D:3)
  An iguana (D:8)
  7 worker ants
  A hound zombie (D:9)
  3 hound skeletons
  A worker ant zombie (D:7)
  A howler monkey zombie (D:6)
  23 gnolls
  A howler monkey skeleton (D:9)
  19 adders
  A shadow imp (D:6)
  3 white imps
  2 ufetubi
  2 oozes
  An adder skeleton (D:9)
  4 worms
  2 dart slugs
  7 leopard geckos
  75 orcs
  9 bats
  5 giant cockroaches
  16 goblins
  7 hobgoblins
  6 jackals
  17 kobolds
  5 quokkas
  2 ball pythons
  5 frilled lizards
  2 jackal skeletons
  2 leopard gecko skeletons
  3 rats
  2 butterflies (D:7)
652 creatures vanquished.

Vanquished Creatures (others)
  A troll (Orc:2)
  8 bushes (Lair:6)
  535 foxfires
  84 fungi
  142 plants
770 creatures vanquished.

Grand Total: 1422 creatures vanquished

Notes
Turn   | Place    | Note
-------+----------+-------------------------------------------
     0 | D:1      | nothank2 the Draconian Fire Elementalist began the quest
                  | for the Orb.
     0 | D:1      | Reached XP level 1. HP: 14/14 MP: 3/3
   313 | D:1      | You fall into a shaft and drop 1 floor!
   341 | D:2      | Reached XP level 2. HP: 20/20 MP: 1/5
   542 | D:2      | Reached XP level 3. HP: 25/26 MP: 2/6
  1259 | D:1      | Reached XP level 4. HP: 33/33 MP: 6/8
  1688 | D:2      | Found a burning altar of Makhleb.
  2016 | D:2      | Noticed Terence
  2028 | D:2      | Learned a level 3 spell: Conjure Flame
  2379 | D:3      | Reached XP level 5. HP: 30/38 MP: 4/9
  2988 | D:3      | Found a bloodstained altar of Trog.
  3143 | D:4      | Noticed a phantom
  3152 | D:3      | Reached skill level 5 in Fire Magic
  3176 | D:3      | Learned a level 4 spell: Sticky Flame
  3306 | D:4      | Reached XP level 6. HP: 40/45 MP: 8/11
  4458 | D:4      | Your scales start taking on a fiery red colour.
  4458 | D:4      | Reached XP level 7. HP: 43/50 MP: 6/13
  4458 | D:4      | Gained mutation: Your flesh is heat resistant. (rF+) [Red
                  | Draconian growth]
  4555 | D:4      | Noticed Eustachio
  4591 | D:4      | Got a transparent spear
  4592 | D:4      | Identified the +1 spear of Cuwn {vorpal, +Rage rC+ Int+3}
                  | (You found it on level 4 of the Dungeon)
  4604 | D:4      | Got a crystal falchion
  4606 | D:4      | Identified the +4 falchion of Nysohom {vorpal, rElec Str+4
                  | Dex+4} (You found it on level 4 of the Dungeon)
  4766 | D:4      | Noticed Sigmund
  4781 | D:5      | Entered Level 5 of the Dungeon
  4832 | D:5      | Reached skill level 5 in Spellcasting
  5087 | D:5      | Reached skill level 1 in Long Blades
  5318 | D:5      | Reached XP level 8. HP: 51/57 MP: 11/16
  5692 | D:5      | Found a stormy altar of Qazlal.
  5692 | D:5      | Found an ornate altar of the Wu Jian Council.
  5808 | D:6      | Found a shadowy altar of Dithmenos.
  5957 | D:6      | Reached skill level 5 in Conjurations
  5989 | D:6      | Found a glowing silver altar of Zin.
  5990 | D:6      | Noticed an angel
  6309 | D:6      | Found Dakhlix's General Store.
  7255 | D:7      | Noticed Harold
  7277 | D:7      | Killed Harold
  7278 | D:7      | Reached XP level 9. HP: 14/62 MP: 4/19
  7925 | D:7      | Found a staircase to the Ecumenical Temple.
  7930 | Temple   | Entered the Ecumenical Temple
  8013 | Temple   | Became a worshipper of Vehumet
  8466 | D:8      | Found an iron altar of Okawaru.
  8466 | D:8      | Found a hazy altar of Hepliaklqana.
  8670 | D:7      | Reached skill level 10 in Fire Magic
  9159 | D:8      | Learned a level 5 spell: Fireball
  9209 | D:8      | Reached * piety under Vehumet
  9209 | D:8      | Offered knowledge of Freeze by Vehumet.
  9212 | D:8      | Learned a level 1 spell: Freeze
  9494 | D:8      | Noticed a two-headed ogre
  9498 | D:8      | Killed a two-headed ogre
  9499 | D:8      | Reached XP level 10. HP: 64/69 MP: 6/22
  9949 | D:8      | Found a staircase to the Lair.
 10216 | D:8      | Learned a level 2 spell: Call Imp
 10785 | D:9      | Reached ** piety under Vehumet
 10812 | D:9      | Offered knowledge of Searing Ray by Vehumet.
 10816 | D:9      | Learned a level 2 spell: Searing Ray
 10914 | D:9      | Noticed a two-headed ogre
 10922 | D:9      | Killed a two-headed ogre
 10924 | D:9      | Found an ancient bone altar of Kikubaaqudgha.
 11118 | D:9      | Reached skill level 1 in Summonings
 11502 | D:9      | Found a runed translucent door.
 11502 | D:9      | Noticed Selrock's ghost (novice DsMo)
 11504 | D:9      | Identified the +5 spear of Pride {vorpal, rPois rF+ Int+6}
 12078 | D:10     | Entered Level 10 of the Dungeon
 12086 | D:10     | Noticed an unseen horror
 12088 | D:10     | Killed an unseen horror
 12089 | D:10     | Reached skill level 10 in Spellcasting
 12089 | D:10     | Reached XP level 11. HP: 74/74 MP: 13/25
 12167 | D:10     | Found Buplar's Book Boutique.
 12174 | D:10     | Bought a book of Debilitation for 400 gold pieces
 12289 | D:10     | Offered knowledge of Mephitic Cloud by Vehumet.
 12294 | D:10     | Learned a level 3 spell: Mephitic Cloud
 12457 | D:10     | Found a staircase to the Orcish Mines.
 12693 | D:10     | Reached *** piety under Vehumet
 12945 | D:10     | Noticed a six-headed hydra
 12949 | D:10     | Killed a six-headed hydra
 13310 | Orc:1    | Entered Level 1 of the Orcish Mines
 13320 | Orc:1    | Noticed an orc sorcerer
 13328 | Orc:1    | Killed an orc sorcerer
 13426 | Orc:1    | Offered knowledge of Ignite Poison by Vehumet.
 13821 | Orc:1    | Reached **** piety under Vehumet
 13959 | Orc:1    | Noticed an orc high priest
 13963 | Orc:1    | Killed an orc high priest
 14537 | Orc:1    | Reached skill level 1 in Poison Magic
 14539 | Orc:1    | Offered knowledge of Hailstorm by Vehumet.
 14545 | Orc:1    | Learned a level 4 spell: Hailstorm
 14701 | Orc:2    | Entered Level 2 of the Orcish Mines
 14701 | Orc:2    | Noticed an orc sorcerer
 14706 | Orc:2    | Killed an orc sorcerer
 14707 | Orc:2    | Reached skill level 1 in Air Magic
 14708 | Orc:2    | Noticed an orc knight
 14920 | Orc:2    | Reached skill level 10 in Conjurations
 15069 | Orc:2    | Killed an orc knight
 15205 | Orc:2    | Noticed a two-headed ogre
 15211 | Orc:2    | Killed a two-headed ogre
 15836 | Orc:2    | Noticed a two-headed ogre
 15852 | Orc:2    | Killed a two-headed ogre
 15853 | Orc:2    | Reached XP level 12. HP: 54/81 MP: 11/27
 16331 | Orc:2    | Noticed a two-headed ogre
 16358 | Orc:1    | Killed a two-headed ogre
 16467 | Orc:2    | Noticed a two-headed ogre
 16470 | Orc:2    | Killed a two-headed ogre
 16735 | Orc:2    | Found a runed translucent door.
 16756 | Orc:2    | Noticed a two-headed ogre
 16878 | Orc:2    | Killed a two-headed ogre
 16949 | Orc:2    | Noticed an ogre mage
 17249 | Orc:1    | Reached ***** piety under Vehumet
 17249 | Orc:1    | Offered knowledge of Irradiate by Vehumet.
 17259 | Orc:1    | Learned a level 5 spell: Irradiate
 17339 | Orc:2    | Killed an ogre mage
 17439 | Orc:2    | Noticed a two-headed ogre
 17445 | Orc:2    | Killed a two-headed ogre
 17739 | Orc:2    | Noticed an ogre mage
 17745 | Orc:2    | Noticed a two-headed ogre
 17746 | Orc:2    | Killed an ogre mage
 17989 | Orc:2    | Killed a two-headed ogre
 18269 | Orc:2    | Noticed a two-headed ogre
 18273 | Orc:2    | Killed a two-headed ogre
 18274 | Orc:2    | Reached skill level 5 in Dodging
 18537 | Orc:2    | Found Veibah's Armour Shoppe.
 18538 | Orc:2    | Found Ofam's Antique Weapon Shoppe.
 18543 | Orc:2    | Found Jihomp's Armour Shop.
 18548 | Orc:2    | Found Gajuifiu's Magic Scroll Emporium.
 18567 | Orc:2    | Bought a scroll of teleportation for 48 gold pieces
 18567 | Orc:2    | Bought a scroll of identify for 32 gold pieces
 18567 | Orc:2    | Bought 3 scrolls of identify for 96 gold pieces
 18578 | Orc:2    | Bought a +2 pair of gloves for 181 gold pieces
 18578 | Orc:2    | Bought the +0 mask of the Dragon {Will+ Slay+3 SInv} for
                  | 367 gold pieces
 18578 | Orc:2    | Found the +0 mask of the Dragon {Will+ Slay+3 SInv}
 18728 | Orc:2    | Found a staircase to the Elven Halls.
 18896 | Orc:2    | Noticed an orc high priest
 18907 | Orc:2    | Reached skill level 1 in Transmutations
 18908 | Orc:2    | Killed an orc high priest
 18915 | Orc:2    | Reached XP level 13. HP: 86/86 MP: 16/29
 19165 | Orc:2    | Found a roughly hewn altar of Beogh.
 19314 | D:9      | Killed Selrock's ghost
 19320 | D:9      | Learned a level 4 spell: Cause Fear
 19458 | Lair:1   | Entered Level 1 of the Lair of Beasts
 19540 | Lair:1   | Found a bloodstained altar of Trog.
 19568 | Lair:1   | Reached skill level 1 in Hexes
 19770 | Lair:1   | Reached skill level 1 in Invocations
 20335 | Lair:1   | Identified a scroll of acquirement
 20335 | Lair:1   | Acquired a +6 ring of intelligence
 20663 | Lair:1   | You fall into a shaft and drop 1 floor!
 20722 | Lair:2   | Reached skill level 1 in Shields
 20722 | Lair:2   | Reached skill level 1 in Earth Magic
 21127 | Lair:2   | Found a hole to the Spider Nest.
 22527 | Lair:3   | Found a shadowy altar of Dithmenos.
 22590 | Lair:3   | Reached skill level 1 in Evocations
 23552 | Lair:4   | Found a staircase to the Shoals.
 23722 | Lair:4   | Reached skill level 5 in Earth Magic
 25147 | Lair:5   | Reached XP level 14. HP: 93/93 MP: 18/30
 25353 | Lair:5   | Offered knowledge of Lee's Rapid Deconstruction by Vehumet.
 25354 | Lair:5   | Reached skill level 5 in Hexes
 25364 | Lair:4   | Learned a level 5 spell: Iskenderun's Battlesphere
 25371 | Lair:4   | Learned a level 6 spell: Iron Shot
 25905 | Lair:5   | Found a viscous altar of Jiyva.
 25905 | Lair:5   | Found a staircase to the Slime Pits.
 26146 | Lair:6   | Entered Level 6 of the Lair of Beasts
 27420 | Lair:6   | Offered knowledge of Ozocubu's Refrigeration by Vehumet.
 29139 | Lair:6   | Reached XP level 15. HP: 99/99 MP: 13/33
 29815 | Spider:1 | Entered Level 1 of the Spider Nest
 29931 | Lair:2   | Reached skill level 1 in Fighting
 29931 | Lair:2   | Reached skill level 1 in Polearms
 29932 | Lair:2   | HP: 5/102 [wolf spider (7)]
 29933 | Lair:2   | HP: 1/102 [redback (5)]
 29933 | Lair:2   | Slain by a wolf spider

Illustrated notes

Levels and vault maps discovered:
D:1:      dpeg_arrival_more_subterranean_lakeside_camping, layout_loops_cross,
          item_on_display_a
D:2:      layout_basic, old_standard_altar, uniq_terence
D:3:      layout_rooms, lightli_temple_of_fire, grunt_ministairs_10
D:4:      layout_rooms, eino_tiny_chamber, uniq_sigmund, uniq_eustachio
D:5:      layout_basic, gammafunk_temple_overflow_elements
D:6:      layout_basic, grunt_dithmenos_shadows, zin_angel, serial_shops,
          nicolae_shop_stone, chequers_serial_rivers_small_b,
          hangedman_glass_teeth
D:7:      layout_gridville, minmay_temple_entry_butterflies,
          hangedman_decor_lopped, uniq_harold
D:8:      layout_basic, grunt_temple_overflow_open, due_lair_maze_entry_diamond
D:9:      layout_stronghold, lemuel_crystal_altar, ebering_ghost_funeral_grove
D:10:     layout_loops_cross, orc_0_dummy, serial_shops, nicolae_shop_crystal
Temple:   dshaligram_water_room_temple
Lair:1:   wad_woods_04, layout_regular_city, basic_altar
Lair:2:   layout_cave_pods, spider_nest_entry_webs, serial_forest,
          infiniplex_forest_clump_medium, infiniplex_forest_clump_medium,
          infiniplex_forest_clump_long, infiniplex_forest_lined_corner,
          infiniplex_forest_end_double, infiniplex_forest_straight_2,
          infiniplex_forest_lined_ring, infiniplex_forest_zigzag_1,
          infiniplex_forest_clump_medium
Lair:3:   layout_layer_cave, basic_altar, grunt_megastairs_2
Lair:4:   layout_cave_pods, minmay_shoals_entry_centaurs
Lair:5:   layout_hall_layers, slime_altar_1, infiniplex_staircase_pool
Lair:6:   minmay_lair_end_enchanted_forest, layout_gridlike, enter_volcano_1,
          grunt_forest_large_clearing_hut
Spider:1: layout_spider_delve, guppyfry_spider_mini_3, uniq_asterion
Orc:1:    layout_caves, nicolae_orc_lava_tube, nicolae_orc_sculptors_studio,
          statue_in_the_mist_lemuel
Orc:2:    st_orc_open, layout_caves, lightli_church_of_beogh

Skill      XL: |  1  2  3  4  5  6  7  8  9 10 11 12 13 14 15 |
---------------+----------------------------------------------+-----
Fire Magic     | 4 5 6 7 9 10 11 12 13 14 | 14.5
Spellcasting   | 3 4 5 7 8 10 11 12 14 | 14.4
Conjurations   | 2 3 4 6 7 9 10 11 12 | 12.9
Long Blades    | 1 |  1.0
Summonings     | 1 2 |  2.4
Poison Magic   | 3 |  3.2
Air Magic      | 3 |  3.1
Dodging        | 2 5 |  5.0
Transmutations | 1 2 |  2.0
Hexes          | 4 5 |  5.1
Invocations    | 1 |  1.0
Shields        | 4 |  4.1
Earth Magic    | 6 |  6.0
Evocations     | 4 |  4.1
Fighting       | 1 |  1.1
Polearms       | 1 |  1.1
Maces & Flails | |  0.2
Staves         | |  0.2
Slings         | |  0.2
Bows           | |  0.1
Crossbows      | |  0.2
Throwing       | |  0.1
Stealth        | |  1.7
Necromancy     | |  0.1
Translocations | |  0.2

Action                   |  1- 3 |  4- 6 |  7- 9 | 10-12 | 13-15 || total
-------------------------+-------+-------+-------+-------+-------++-------
Melee: Unarmed           |     1 |       |       |       |       ||     1
       Hand axe          |    12 |    51 |       |       |       ||    63
       Tailslap          |       |     5 |    33 |    13 |     4 ||    55
       Falchion          |       |       |   160 |    54 |       ||   214
       Spear             |       |       |       |    14 |    51 ||    65
 Cast: Foxfire           |    41 |   104 |   112 |    53 |       ||   310
       Conjure Flame     |       |     4 |     1 |       |       ||     5
       Sticky Flame      |       |     1 |     4 |     3 |    18 ||    26
       Fireball          |       |       |     6 |   162 |   178 ||   346
       Searing Ray       |       |       |       |    97 |   158 ||   255
       Call Imp          |       |       |       |    10 |       ||    10
       Mephitic Cloud    |       |       |       |     8 |     4 ||    12
       Irradiate         |       |       |       |     1 |     7 ||     8
       Iron Shot         |       |       |       |       |    20 ||    20
       Cause Fear        |       |       |       |       |     1 ||     1
       Freeze            |       |       |       |       |     1 ||     1
 Abil: Breathe Fire      |       |       |     7 |    16 |     4 ||    27
Evoke: Wand              |       |       |       |     1 |       ||     1
  Use: Scroll            |     4 |     6 |       |    15 |    15 ||    40
       Potion            |       |       |     1 |     4 |     2 ||     7
 Stab: Sleeping          |     2 |     1 |     1 |       |       ||     4
       Distracted        |       |       |       |     1 |       ||     1
       Confused          |       |       |       |       |     1 ||     1
Armor: Skin              |    15 |    33 |    57 |    38 |    64 ||   207
Dodge: Dodged            |    25 |    56 |   130 |   135 |    99 ||   445
Block: Buckler           |       |       |       |       |    29 ||    29
       Rpst.: Falchion   |       |       |    44 |    15 |       ||    59
